 Dungeon Crawl Stone Soup version 0.29.1-1-gd02db6906a (webtiles) character file.

Game seed: 15879059603110870996

63 RatsInWalls the Insei (level 4, -3/34 HPs)
             Began as a Merfolk Transmuter on Oct 20, 2022.
             Splashed by a jelly's acid (7 damage)
             ... on level 4 of the Dungeon.
             The game lasted 00:12:17 (3481 turns).

RatsInWalls the Insei (Merfolk Transmuter)          Turns: 3481, Time: 00:12:19

Health: -3/34      AC: -14   Str: 16    XL:     4   Next: 10%
Magic:  7/7        EV: 13    Int: 14    God:
Gold:   62         SH:  0    Dex: 14    Spells: 4/7 levels left

rFire   . . .      SeeInvis .     - Unarmed
rCold   . . .      Faith    .   (no shield)
rNeg    . . .      Spirit   .   a - +0 robe
rPois   .          Reflect  .   (helmet currently unavailable)
rElec   .          Harm     .   (no cloak)
rCorr   .          Rampage  .   (no gloves)
Will    .....                   (boots currently unavailable)
Stlth   ++........              (no amulet)
HPRegen 0.11/turn               f - +6 ring of strength
MPRegen 0.10/turn               (no ring)

@: lethally poisoned (-3 -> -15), appendages (expiring), corroded, attractive
A: horns 2, (nimble swimmer 2), mertail
a: End Transformation


You were on level 4 of the Dungeon.
You had temporarily grown beastly horns.
You visited 1 branch of the dungeon, and saw 4 of its levels.

You collected 127 gold pieces.
You spent 65 gold pieces at shops.

Inventory:

Armour
 a - a +0 robe (worn)
 i - +0 storm dragon scales
Jewellery
 f - a +6 ring of strength (left hand)
Scrolls
 d - 4 scrolls of teleportation
 e - a scroll of amnesia {unknown}
 g - a scroll of enchant armour {unknown}
 j - a scroll of poison
 n - 2 scrolls of identify
Potions
 b - a potion of lignification
 k - a potion of flight


   Skills:
 + Level 2.4 Fighting
 - Level 3.1 Dodging
 + Level 0.6 Stealth
 + Level 3.7 Unarmed Combat
 + Level 2.4 Spellcasting
 * Level 3.3 Transmutations


You had 4 spell levels left.
You knew the following spells:

 Your Spells              Type           Power      Damage    Failure   Level
a - Beastly Appendage     Tmut           22%        N/A       6%          1
b - Wereblood             Tmut           11%        N/A       9%          2

Your spell library contained the following spells:

 Spells                   Type           Power      Damage    Failure   Level
 Spider Form              Tmut/Pois      6%         N/A       34%         3
 Gell's Gravitas          Tloc           1%         N/A       56%         3
 Teleport Other           Tloc           1%         N/A       56%         3
 Ice Form                 Ice/Tmut       6%         N/A       75%         4
 Olgreb's Toxic Radiance  Pois           1%         N/A       92%         4
 Dispersal                Tloc           0%         N/A       100%        6
 Ozocubu's Refrigeration  Ice            0%         4d7       100%        7
 Ignition                 Fire           0%         3d3       100%        8


Dungeon Overview and Level Annotations

Branches:
Dungeon (4/15)
 Temple: D:4-7

Altars:
Sif Muna
Trog

Shops:
D:2 :*

Annotations:
D:4 exclusion: ogre


Innate Abilities, Weirdness & Mutations

You have temporarily grown beastly horns.
((You are very nimble when in or above water. (Stealth+, EV+, Speed+++)))
Your lower body shifts to a powerful aquatic tail in water.


Message History

The jelly jiggles.
The jelly attacks as you move away! The jelly hits you. The acid corrodes you!
You are splashed with acid!
Okay, then.
It was a potion of attraction.
You feel attractive to monsters. The jelly closely misses you.
You see here a +0 club.
The jelly attacks as you move away! The jelly barely misses you.
The jelly attacks as you move away! The jelly hits you. The acid corrodes you!
You are splashed with acid!
The air fills with toxic fumes!
As you read the scroll labelled UCSAIZ RUOG, it crumbles to dust.
It was a scroll of poison.
The jelly misses you.
Really walk into that cloud of poison gas?
You are engulfed in poison gas.
You are lethally poisoned!
Your transformation is almost over.
* * * LOW HITPOINT WARNING * * *
You feel very sick.
Unknown command.
You are engulfed in poison gas.
You are more poisoned.
* * * LOW HITPOINT WARNING * * *
You feel very sick.
Unknown command.
You feel much better.
You are engulfed in poison gas.
You are more poisoned.
You feel extremely sick. The jelly hits you. The acid corrodes you!
You are splashed with acid!
* * * LOW HITPOINT WARNING * * *
Unknown command.
You feel better.
You are engulfed in poison gas.
You are lethally poisoned!
* * * LOW HITPOINT WARNING * * *
x2 You feel very sick.
The jelly hits you.
* * * LOW HITPOINT WARNING * * *
You are splashed with acid!
You die...

.## #.....#.#.##.#.# ..##
###.###.#...##.#.#
#..#######...#......###.#.##
##.........###§####§###....#
##........#.§§...§§..###..#
#.#......#.#§..§§##§#....#
#..............§§§§.#.#..#
###........#.#§§§#.......#
#.....####.#@§§#.#.##..##
#......###§J§§##...#....#
#.####.).#.§§§§§...#..###
####.# ###§.§§#§§§§#.#..#
##....# #§§§§####§#.#..#
....### #§#### #.#.####
....# #§# #.#.# ....# #.#
#.#.# ....### ### #...#


You could see a jelly.

Vanquished Creatures
  2 worms
  A dart slug (D:1)
  An orc (D:3)
  3 endoplasms
  3 giant cockroaches
  2 goblins (D:3)
  5 hobgoblins
  8 jackals
  4 quokkas
  4 ball pythons
  4 bats
  2 frilled lizards
  7 kobolds
  2 rats (D:1)
48 creatures vanquished.

Notes
Turn   | Place    | Note
-------+----------+-------------------------------------------
     0 | D:1      | RatsInWalls the Merfolk Transmuter began the quest for the
                  | Orb.
     0 | D:1      | Reached XP level 1. HP: 15/15 MP: 3/3
     2 | D:1      | Noticed a merfolk
     4 | D:1      | Noticed an octopode
     4 | D:1      | Noticed a meteoran
     6 | D:1      | Noticed a vampire
     6 | D:1      | Noticed a human
     8 | D:1      | Noticed a troll
     8 | D:1      | Noticed a minotaur
    10 | D:1      | Noticed a spriggan
    10 | D:1      | Noticed a naga
    12 | D:1      | Noticed a demonspawn
    12 | D:1      | Noticed a formicid
    14 | D:1      | Noticed a draconian
    16 | D:1      | Noticed a palentonga
    16 | D:1      | Noticed an ogre
    18 | D:1      | Noticed a demigod
    18 | D:1      | Noticed a tengu
    20 | D:1      | Noticed a gargoyle
    20 | D:1      | Noticed an elf
    22 | D:1      | Noticed a vine stalker
    24 | D:1      | Noticed a felid
    24 | D:1      | Noticed an octopode
    26 | D:1      | Noticed a troll
    26 | D:1      | Noticed a vine stalker
   356 | D:1      | Reached XP level 2. HP: 16/21 MP: 3/5
   488 | D:1      | Learned a level 2 spell: Wereblood
  1038 | D:2      | Reached XP level 3. HP: 27/27 MP: 1/6
  1245 | D:2      | Found a faded altar of an unknown god.
  1418 | D:2      | Found Susutis's Vocational Training.
  1760 | D:2      | Found Qitreomy's General Store.
  1767 | D:2      | Bought a potion of heal wounds for 65 gold pieces
  2163 | D:3      | Found a shimmering blue altar of Sif Muna.
  3017 | D:4      | Reached XP level 4. HP: 28/34 MP: 5/7
  3180 | D:4      | Found a bloodstained altar of Trog.
  3392 | D:4      | Noticed an ogre
  3481 | D:4      | Splashed by a jelly's acid

Illustrated notes

Levels and vault maps discovered:
D:1:      kb_arrival_jail, layout_rooms
D:2:      layout_rooms, hellmonk_ecumenical_altar_lost_god, serial_shops,
          nicolae_square_shop, nicolae_shop_vocational
D:3:      layout_loops_ring, lemuel_blue_sif_altar, kennysheep_big_empty_room,
          minivault_27
D:4:      layout_basic, kennysheep_little_box, biasface_ghost_orc_armoury

Skill      XL: |  1  2 |
---------------+-------+-----
Dodging        | 3 |  3.1
Fighting       | 2 |  2.4
Transmutations | 3 |  3.3
Stealth        | |  0.6
Unarmed Combat | |  3.7
Spellcasting   | |  2.4

Action                   |  1- 3 |  4- 6 || total
-------------------------+-------+-------++-------
Melee: Unarmed           |   139 |    11 ||   150
       Headbutt          |    29 |     2 ||    31
       Punch             |     5 |       ||     5
 Cast: Beastly Appendage |    36 |     4 ||    40
       Wereblood         |     2 |     1 ||     3
  Use: Scroll            |     6 |     2 ||     8
       Potion            |     1 |     3 ||     4
 Stab: Sleeping          |     3 |       ||     3
Armor: Robe              |    13 |       ||    13
Dodge: Dodged            |    88 |    13 ||   101
